 Dungeon Crawl Stone Soup version 0.31-a0-233-g139696dc86 (webtiles) character file.

Game seed: 85862536319663948

280 coffeetime the Stinger (level 6, 42/42 HPs)
             Began as a Demonspawn Venom Mage on July 7, 2023.
             Was an Initiate of Sif Muna.
             Quit the game on level 4 of the Dungeon on July 9, 2023.
             The game lasted 00:27:00 (5291 turns).

coffeetime the Stinger (Demonspawn Venom Mage)      Turns: 5291, Time: 00:27:01

Health: 42/42      AC:  3    Str:  8    XL:     6   Next: 5%
Magic:  11/11      EV: 11    Int: 18    God:    Sif Muna [......]
Gold:   104        SH:  0    Dex: 14    Spells: 6/12 levels left

rFire   . . .        g - +4 quarterstaff (drain)
rCold   . . .        (shield currently unavailable)
rNeg    . . .        t - +0 leather armour
rPois   .            (no helmet)
rElec   .            (no cloak)
rCorr   .            (no gloves)
SInv    .            (no boots)
Will    .....        (no amulet)
Stlth   ++           (no ring)
HPRegen 0.27/turn    (no ring)
MPRegen 0.12/turn

%: no passive effects
@: no status effects
A: demonic touch 1
a: Renounce Religion


You were on level 4 of the Dungeon.
You worshipped Sif Muna.
Sif Muna was noncommittal.
You visited 2 branches of the dungeon, and saw 6 of its levels.

You collected 154 gold pieces.
You spent 50 gold pieces at shops.

Inventory:

Hand Weapons
 f - a +0 club
 g - a +4 quarterstaff of draining (weapon)
 o - a +1 spear of freezing
 r - a +1 heavy hand axe
Missiles
 c - a throwing net
 d - 22 stones (quivered)
 u - 3 poisoned darts
Armour
 a - a +0 robe
 e - a +0 ring mail
 t - a +0 leather armour (worn)
Jewellery
 n - a ring of ice
Scrolls
 h - a scroll of fog
 i - a scroll of immolation {unknown}
 k - a scroll of teleportation {unknown}
 m - 2 scrolls of poison
Potions
 b - a potion of magic
 j - a potion of invisibility {unknown}
 l - 2 potions of curing {unknown}
 p - 2 potions of heal wounds
 q - a potion of lignification {unknown}
 s - a potion of attraction {unknown}


   Skills:
 - Level 0.7 Fighting
 * Level 1.0 Armour
 + Level 2.1 Dodging
 + Level 2.5 Stealth
 + Level 3.7 Spellcasting
 - Level 0.8 Transmutations
 + Level 5.0 Poison Magic


You had 6 spell levels left.
You knew the following spells:

 Your Spells              Type           Power      Damage    Failure   Level
a - Sting                 Tmut/Pois      52%        1d5       6%          1
b - Poisonous Vapours     Pois/Air       24%        N/A       12%         2
c - Mephitic Cloud        Conj/Pois/Air  9%         N/A       32%         3

Your spell library contained the following spells:

 Spells                   Type           Power      Damage    Failure   Level
 Olgreb's Toxic Radiance  Pois           21%        N/A       26%         4
 Vhi's Electric Charge    Tloc/Air       6%         N/A       54%         3
 Arcjolt                  Conj/Air       1%         1d11      99%         5
 Maxwell's Capacitive Co  Air            1%         ∞         100%        8


Dungeon Overview and Level Annotations

Branches:
Dungeon (5/15)             Temple (1/1) D:4

Altars:
Cheibriados
Dithmenos
Fedhas
Gozag
Hepliaklqana
Kikubaaqudgha
Makhleb
Nemelex Xobeh
Okawaru
Qazlal
Ru
Sif Muna
Trog
Uskayaw
Vehumet
Wu Jian
Xom

Shops:
D:4 !

Annotations:
D:2 Robin
D:3 1 runed translucent door, Grinder; puppykicker's ghost, amateur DEHs
D:4 3 runed translucent doors, hgbash's ghost, amateur DENe
D:5 Edmund


Innate Abilities, Weirdness & Mutations

Your touch may inflict minor irresistible damage on your foes.


Message History

Magic restored.
There is an open door here.
Found a stone staircase leading down.
An orc wizard and an orc come into view.
Found 3 scrolls of fog.
The orc wizard shouts!
The orc shouts!
The orc wizard casts a spell at you. You resist with some effort.
Found 20 gold pieces.
An orc wizard comes into view. It is wielding a +0 dagger.
The orc wizard shouts!
Casting: Poisonous Vapours (safe; 12% risk of failure)
Confirm with . or Enter, or press ? or * to list all spells.
Aiming: Poisonous Vapours (safe; 12% risk of failure)
Press: ? - help, Dir - move target, f - orc
Aim: an orc, wielding a +0 dagger Poisonous vapours surround the orc!
The orc is poisoned.
You kill the orc!
Sif Muna accepts your kill.
The orc wizard gestures wildly while chanting.
The orc wizard flickers and vanishes!
Deactivating autopickup; reactivate with Ctrl-A.
A puff of flame appears from out of thin air!
The puff of flame hits you.
There is an open door here.
Things that are here:
a +0 whip; a +0 flail
There is a stone staircase leading up, spattered with blood here.
You climb upwards.
Level annotation: 3 runed translucent doors, hgbash's ghost, amateur DENe Reactivating autopickup.
There is a stone staircase leading down here.
You start waiting.
Done waiting.
Saving game... please wait.
Level annotation: 3 runed translucent doors, hgbash's ghost, amateur DENe Welcome back, coffeetime the Demonspawn Venom Mage.
Sif Muna whispers: I know many secrets...
Press ? for a list of commands and other information.
Are you sure you want to abandon this character and quit the game? (Confirm with "yes".)

..#..#)#######.#######...........
..#...>..).......).......#.##....
.....#.##......#########.#.######
..#..#.###.#......[..............
..#..#.<##.#.....#####.#...##....
..#........#.##........###.......
####.#..#..#...........#.....#...
.............##........#.###.....
####......##.##.@......#...##...(
#....###.##.#########.#.#.##....
#....'...##'##### #.###.##....
#....####.......# #.....##....
###.## #.......# ##########.. #.#
#.......# #.. #.# ##.......#
#####. #.# #........# #...#. #.#
#........# #...#.


There were no monsters in sight!

Vanquished Creatures
  A gnoll bouda (D:4)
  A sleepcap (D:3)
  An iguana (D:5)
  5 adders
  7 gnolls
  2 worms (D:2)
  2 dart slugs
  9 orcs
  5 endoplasms
  3 giant cockroaches
  9 goblins
  3 jackals (D:2)
  3 kobolds
  6 quokkas
  A ball python (D:4)
  5 bats
  3 frilled lizards
  4 rats
70 creatures vanquished.

Notes
Turn   | Place    | Note
-------+----------+-------------------------------------------
     0 | D:1      | coffeetime the Demonspawn Venom Mage began the quest for
                  | the Orb.
     0 | D:1      | Reached XP level 1. HP: 13/13 MP: 3/3
   376 | D:1      | Gained mutation: Your touch may inflict minor irresistible
                  | damage on your foes. [demonic ancestry]
   376 | D:1      | Reached XP level 2. HP: 15/19 MP: 3/5
   505 | D:1      | Learned a level 2 spell: Poisonous Vapours
  1044 | D:2      | Reached XP level 3. HP: 24/24 MP: 0/6
  1345 | D:2      | Learned a level 3 spell: Mephitic Cloud
  1433 | D:2      | Noticed Robin
  1580 | D:2      | Reached skill level 4 in Poison Magic
  1975 | D:3      | Reached XP level 4. HP: 28/30 MP: 4/8
  2316 | D:3      | Noticed Grinder
  2861 | D:3      | Reached XP level 5. HP: 36/36 MP: 6/9
  3171 | D:3      | Found a runed translucent door.
  3172 | D:3      | Noticed puppykicker's ghost (amateur DEHs)
  3515 | D:4      | Found a runed translucent gate.
  3516 | D:4      | Found a runed translucent gate.
  3517 | D:4      | Noticed hgbash's ghost (amateur DENe)
  3517 | D:4      | Found a runed translucent gate.
  3517 | D:4      | Identified the +6 dagger of Coegitea {freeze, Str+3 Int-2}
  3897 | D:4      | Found Tesuk's Distillery.
  3905 | D:4      | Bought a potion of heal wounds for 50 gold pieces
  4033 | D:4      | Found a staircase to the Ecumenical Temple.
  4192 | Temple   | Entered the Ecumenical Temple
  4236 | Temple   | Became a worshipper of Sif Muna the Loreminder
  4508 | D:5      | Entered Level 5 of the Dungeon
  4528 | D:4      | Reached skill level 1 in Armour
  4649 | D:5      | Reached skill level 5 in Poison Magic
  4699 | D:5      | Found an ornate altar of the Wu Jian Council.
  4767 | D:5      | Noticed Edmund
  5034 | D:5      | Reached XP level 6. HP: 42/42 MP: 1/11
  5291 | D:4      | Upgraded the game from 0.31-a0-232-gb1c03b2570 to
                  | 0.31-a0-233-g139696dc86
  5291 | D:4      | Quit the game

Illustrated notes

Levels and vault maps discovered:
D:1:      mrwooster_arrival_arrow, layout_basic, corexii_leaking_fountain
D:2:      layout_basic, minmay_misc_feat_iff, uniq_sigmund, uniq_robin
D:3:      layout_loops_cross, ebering_ghost_sewer_f, serial_bayou,
          serial_bayou_pond_e, serial_bayou_pond_a, serial_bayou_ford_a,
          serial_bayou_crossing, uniq_grinder
D:4:      layout_basic, minmay_temple_entry_drinking_statues, serial_shops,
          nicolae_shop_just_a_little_nook, biasface_ghost_orc_armoury,
          nicolae_grassy_gnolls
D:5:      layout_basic, nzn_wu_jian_council_hall, gammafunk_ghost_nasty_kobolds,
          due_unseen_surprise, uniq_edmund
Temple:   mainiacjoe_temple_coin_purse

Skill      XL: |  1  2  3  4  5 |
---------------+----------------+-----
Stealth        | 2 |  2.5
Poison Magic   | 4 5 |  5.0
Dodging        | 2 |  2.1
Spellcasting   | 3 |  3.7
Armour         | 1 |  1.0
Fighting       | |  0.7
Transmutations | |  0.8

Action                     |  1- 3 |  4- 6 || total
---------------------------+-------+-------++-------
  Melee: Quarterstaff      |    34 |    48 ||    82
  Throw: Stone             |     5 |     4 ||     9
   Cast: Sting             |    54 |    48 ||   102
         Poisonous Vapours |     1 |    19 ||    20
    Use: Scroll            |       |     3 ||     3
   Stab: Sleeping          |     1 |     1 ||     2
 Armour: Robe              |    15 |     4 ||    19
         Leather armour    |       |     7 ||     7
  Dodge: Dodged            |    34 |    46 ||    80

Table legend: (Time is in decaauts)
 A = Elapsed time spent in this place.
 B = Non-inter-level travel time spent in this place.
 C = Inter-level travel time spent in this place.
 D = Time resting spent in this place.
 E = Time spent auto-exploring this place.
 F = Levels seen in this place.
 G = Mean time per level.
                   A        B        C        D        E       F      G
               +--------+--------+--------+--------+--------+-----+--------+
         Total |   5331 |   4307 |   1024 |   1121 |   1642 |   6 |  888.5 |
       Dungeon |   5204 |   4200 |   1004 |   1121 |   1550 |   5 | 1040.8 |
        Temple |    127 |    107 |     20 |      0 |     92 |   1 |  127.0 |
               +--------+--------+--------+--------+--------+-----+--------+

Top non-repeatable levels by time:
     D:4: 1705 daAuts
     D:3: 1290 daAuts
     D:2: 943 daAuts
     D:1: 768 daAuts
     D:5: 495 daAuts
  Temple: 127 daAuts
